Map: Автоматон РВ

Players

SonOfAwers

  • Race: Terran Terran
  • League: Master
  • Spawn Location: 3:00

lIlIllIIllII - Winner!

  • Race: Terran Terran
  • League: Master
  • Spawn Location: 9:00

VOD

Have the link to the VOD?

Description

Time

  • Played on: Dec. 28, 2018, 1:56 p.m.
  • Length: 9:55
Show
View Real Time Build Order
Export as new Build Order

SonOfAwers Terran 

Build Orders:  

Get SALT Encoding   

  12  0:01  SCV  
  13  0:13  SCV  
  14  0:18  Supply Depot  
  14  0:25  SCV  
  15  0:29  Refinery  
  15  0:39  SCV  
  16  0:46  Barracks  
  16  0:51  SCV  
  16  0:57  Refinery  
  17  1:04  SCV  
  18  1:16  SCV  
  19  1:34  Reaper, Orbital Command  
  19  1:39  Factory  
  20  1:54  Supply Depot  
  20  2:00  SCV  
  21  2:07  Reaper  
  22  2:12  SCV  
  23  2:24  SCV  
  24  2:31  Hellion  
  24  2:34  Command Center  
  26  2:37  SCV  
  26  2:43  Reaper, Supply Depot  
  28  2:52  SCV, Hellion  
  31  3:05  SCV  
  32  3:09  Starport  
  32  3:15  Factory Tech Lab, Barracks Tech Lab  
  32  3:18  SCV  
  33  3:25  Refinery  
  33  3:31  SCV  
  34  3:36  Cyclone  
  37  3:43  SCV  
  37  3:46  Barracks Reactor  
  38  4:06  SCV  
  38  4:08  Cyclone  
  39  4:15  Raven  
  41  4:17  Orbital Command  
  41  4:20  SCV  
  37  4:33  SCV  
  38  4:42  Cyclone  
  40  4:48  SCV  
  36  4:58  SCV  
  31  5:00  SCV  
  32  5:13  SCV x2  
  31  5:25  SCV  
  31  5:33  Raven  
  31  5:34  SCV  
  34  5:37  SCV  
  35  5:45  Marine x2  
  35  5:46  SCV  
  35  5:49  SCV  
  39  5:58  SCV  
  39  5:59  Supply Depot  
  39  6:01  SCV  
  39  6:10  SCV  
  38  6:13  SCV  
  38  6:17  Siege Tank  
  42  6:22  SCV  
  42  6:25  SCV  
  44  6:28  Viking x2  
  44  6:30  Marine  
  49  6:34  SCV  
  49  6:37  SCV  
  51  6:41  Supply Depot  
  51  6:43  Stimpack  
  51  6:46  SCV  
  52  6:48  Marine  
  52  6:49  SCV  
  54  6:57  Siege Tank  
  57  7:03  SCV  
  57  7:04  SCV  
  59  7:09  Marine  
  59  7:13  Supply Depot  
  60  7:16  SCV x2  
  60  7:17  Viking x2  
  63  7:29  Marine  
  64  7:31  SCV x2  
  66  7:37  Command Center  
  66  7:42  Supply Depot  
  66  7:43  SCV x2  
  68  7:46  Liberator  
  68  7:47  Marine  
  68  7:50  Siege Tank  
  72  7:55  SCV x2  
  74  8:04  Supply Depot  
  77  8:10  Marine  
  78  8:15  SCV x2, Supply Depot  
  80  8:26  Supply Depot  
  80  8:29  Barracks  
  80  8:32  Barracks  
  80  8:35  Marine  
  80  8:36  Siege Tank  
  80  8:39  SCV x2  
  80  8:40  Refinery  
  86  8:53  Marine  
  91  9:00  Orbital Command  
  83  9:04  Starport Reactor  
  83  9:06  SCV x2  
  83  9:13  Marine  
  83  9:14  Siege Tank  
  87  9:18  Barracks Reactor, SCV x2  
  87  9:23  Barracks  
  89  9:24  Engineering Bay, Orbital Command  
  89  9:25  Engineering Bay, Barracks  
  89  9:30  SCV  
  87  9:31  Marine x2  
  89  9:42  SCV x2  
Show
View Real Time Build Order
Export as new Build Order

lIlIllIIllII Terran - Winner!

Build Orders: 1/1/1, Banshee Rush 

Get SALT Encoding   

  12  0:00  SCV  
  13  0:12  SCV  
  14  0:18  Supply Depot  
  14  0:24  SCV  
  15  0:29  Refinery  
  15  0:40  SCV  
  16  0:45  Barracks  
  16  0:52  SCV  
  17  1:00  Refinery  
  17  1:04  SCV  
  18  1:16  SCV  
  19  1:32  Reaper, Orbital Command  
  20  1:38  Factory  
  20  1:46  Supply Depot  
  20  1:58  SCV  
  21  2:04  Reaper  
  22  2:11  SCV  
  23  2:21  Starport  
  25  2:23  Hellion  
  25  2:26  SCV  
  26  2:33  Supply Depot  
  26  2:38  SCV, Barracks Tech Lab  
  27  2:45  Hellion  
  27  2:50  SCV  
  30  3:04  Cloaking Field, Banshee  
  33  3:07  Hellion  
  33  3:10  SCV  
  36  3:32  Command Center  
  36  3:39  Barracks Reactor  
  36  3:44  Factory Tech Lab  
  36  3:45  Supply Depot  
  36  3:48  Banshee  
  36  4:00  SCV  
  36  4:19  SCV  
  37  4:31  Marine x2, SCV  
  37  4:36  Command Center  
  39  4:43  SCV  
  36  4:55  SCV  
  36  4:56  Marine  
  36  4:57  Marine  
  37  5:07  SCV  
  32  5:19  SCV  
  33  5:32  SCV  
  32  5:36  Viking x2  
  32  5:37  Marine  
  32  5:38  Stimpack  
  32  5:39  Siege Tank  
  40  5:44  SCV  
  41  5:55  Marine  
  42  5:58  SCV  
  41  6:15  Marine, Viking x2, Barracks  
  41  6:16  Siege Tank, Barracks  
  48  6:21  SCV  
  48  6:22  Engineering Bay  
  49  6:32  Marine  
  49  6:33  SCV  
  51  6:40  Orbital Command  
  51  6:46  SCV  
  52  6:48  Siege Tank  
  52  6:50  Terran Infantry Weapons Level 1  
  55  6:56  Viking  
  55  7:00  SCV  
  58  7:02  Viking  
  58  7:06  Barracks Reactor  
  59  7:10  Marine  
  59  7:13  Barracks Reactor, SCV  
  62  7:16  Refinery  
  62  7:19  Supply Depot  
  61  7:23  Siege Tank  
  64  7:30  Viking  
  64  7:31  SCV x2  
  68  7:43  Marine x2, SCV x2  
  72  7:45  Marine  
  72  7:49  Viking  
  72  7:50  Combat Shield  
  75  7:55  SCV  
  75  7:56  Supply Depot  
  76  7:59  Marine, Supply Depot  
  76  8:00  Marine  
  78  8:15  Marine  
  78  8:17  Marine x3  
  78  8:18  Marine  
  82  8:21  Supply Depot  
  82  8:22  Supply Depot  
  82  8:23  Viking  
  84  8:33  Marine, Supply Depot  
  85  8:35  Marine x2  
  85  8:37  Marine  
  85  8:38  Marine  
  88  8:51  Marine  
  88  8:53  Marine x2  
  88  8:55  Marine x2  
  91  8:58  Medivac x2  
  96  9:09  Marine  
  97  9:11  Marine x2  
  97  9:12  Marine  
  97  9:13  Marine  
  98  9:26  Marine  
  98  9:28  Marine x2  
  98  9:30  Marine  
  104  9:31  Marine  
  104  9:33  SCV  
  104  9:38  SCV  
  107  9:40  Refinery  
Tags
 
Add a new tag
Caveats
  • Supply blocks, unpowered buildings, or Contaminate may cause inaccurate times.
  • Supply counts are checked every 10 seconds.